 Dungeon Crawl Stone Soup version 0.22-a0-422-g9628fc8 (webtiles) character file.

158 Mgcat the Magician (level 5, -3/37 HPs)
             Began as a Gnoll Wizard on May 20, 2018.
             Was an Initiate of Ru.
             Killed from afar by Steelmeadow's ghost (7 damage)
             ... with a flame tongue
             ... on level 3 of the Dungeon.
             The game lasted 00:05:37 (2729 turns).

Mgcat the Magician (Gnoll Wizard)                   Turns: 2729, Time: 00:05:38

Health: -3/37      AC:  2    Str:  9    XL:     5   Next: 40%
Magic:  3/14       EV: 14    Int: 22    God:    Ru [......]
Gold:   69         SH:  0    Dex: 13    Spells: 5/18 levels left

rFire    + . .     SeeInvis .   m - +0 short sword (venom)
rCold    + . .     Gourm    .   (no shield)
rNeg     . . .     Faith    .   a - +0 robe
rPois    +         Spirit   .   b - +0 hat
rElec    +         Reflect  .   (no cloak)
rCorr    +         Harm     .   (no gloves)
MR       .....                  (no boots)
Stlth    +++.......             (no amulet)
HPRegen  0.12/turn              (no ring)
MPRegen  0.14/turn              (no ring)

@: resistant, flying
A: distributed training, fangs 1, strong nose
a: Renounce Religion


You were on level 3 of the Dungeon.
You worshipped Ru.
Ru was noncommittal.
You were not hungry.

You visited 1 branch of the dungeon, and saw 3 of its levels.

You collected 69 gold pieces.

Inventory:

Hand Weapons
 m - a +0 short sword of venom (weapon)
   (You took it off a hobgoblin on level 2 of the Dungeon)
Armour
 a - a +0 robe (worn)
 b - a +0 hat (worn)
Scrolls
 c - 4 scrolls of identify {unknown}
 f - a scroll of immolation {unknown}
 h - a scroll of teleportation {unknown}
 i - a scroll of fog {unknown}
 j - 2 scrolls of remove curse {unknown}
Potions
 k - a potion of lignification {!q}
Comestibles
 d - 4 rations
 n - 3 chunks of flesh {@w0}


   Skills:
 + Level 1.4 Fighting
 + Level 1.4 Short Blades
 + Level 1.4 Long Blades
 + Level 1.4 Axes
 + Level 1.4 Maces & Flails
 + Level 1.4 Polearms
 + Level 1.4 Staves
 + Level 1.4 Slings
 + Level 1.4 Bows
 + Level 1.4 Crossbows
 + Level 1.4 Throwing
 + Level 1.4 Armour
 + Level 4.7 Dodging
 + Level 4.4 Stealth
 + Level 1.4 Shields
 + Level 1.4 Unarmed Combat
 + Level 7.3 Spellcasting
 + Level 2.3 Conjurations
 + Level 1.1 Hexes
 + Level 1.1 Charms
 + Level 2.3 Summonings
 + Level 1.1 Necromancy
 + Level 2.3 Translocations
 + Level 1.1 Transmutations
 + Level 1.1 Fire Magic
 + Level 1.1 Ice Magic
 + Level 1.1 Air Magic
 + Level 1.1 Earth Magic
 + Level 1.1 Poison Magic
 + Level 1.6 Invocations
 + Level 1.4 Evocations


You had 5 spell levels left.
You knew the following spells:

 Your Spells              Type           Power        Failure   Level  Hunger
a - Magic Dart            Conj           ###.         3%          1    None
b - Call Imp              Summ           ###.....     4%          2    None
c - Blink                 Tloc           N/A          4%          2    None
d - Slow                  Hex            ##......     8%          2    None
e - Conjure Flame         Conj/Fire      ###.....     12%         3    None
f - Mephitic Cloud        Conj/Pois/Air  ##......     13%         3    None

Your spell library contained the following spells:

 Spells                   Type           Power        Failure   Level  Hunger


Dungeon Overview and Level Annotations

Branches:
Dungeon (3/15)

Altars:
Nemelex Xobeh
Ru

Annotations:
D:2 1 runed door
D:3 Steelmeadow's ghost, amateur DrFE


Innate Abilities, Weirdness & Mutations

Your experience applies equally to all skills.
You have very sharp teeth.
Your uncanny sense of smell can sniff out nearby items.


Message History

Your crimson imp barely misses Steelmeadow's ghost.
Steelmeadow's ghost closely misses your iron imp.
Your crimson imp blinks!
Your iron imp barely misses Steelmeadow's ghost.
It was a potion of cancellation.
Your magical effects are unravelling.
You feel magically purged.
You feel less wooden.
Your +0 hat unmelds from your body.
Your +0 robe unmelds from your body.
Your crimson imp hits Steelmeadow's ghost but does no damage.
Steelmeadow's ghost hits your crimson imp.
It was a potion of magic.
Magic courses through your body.
Your crimson imp blinks!
Your iron imp hits Steelmeadow's ghost but does no damage.
Steelmeadow's ghost hits your iron imp.
Your crimson imp blinks!
It was a potion of flight.
You feel very buoyant.
You fly up into the air.
Your iron imp completely misses Steelmeadow's ghost.
Steelmeadow's ghost hits your iron imp but does no damage.
Your crimson imp barely misses Steelmeadow's ghost.
It was a potion of resistance.
You feel protected. Steelmeadow's ghost hits your iron imp.
Your iron imp closely misses Steelmeadow's ghost.
Your crimson imp misses Steelmeadow's ghost.
Casting: Magic Dart (safe; 3% risk of failure)
Confirm with . or Enter, or press ? or * to list all spells.
A beastly little devil appears in a puff of frigid air.
Steelmeadow's ghost hits your iron imp but does no damage.
Your crimson imp hits Steelmeadow's ghost but does no damage.
Your iron imp barely misses Steelmeadow's ghost.
Your iron imp disappears in a puff of smoke!
Steelmeadow's ghost closely misses your white imp.
Your crimson imp hits Steelmeadow's ghost but does no damage.
Your white imp barely misses Steelmeadow's ghost.
Casting: Call Imp (safe; 4% risk of failure)
Confirm with . or Enter, or press ? or * to list all spells.
A beastly little devil appears in a puff of flame.
Steelmeadow's ghost barely misses your white imp.
Your crimson imp hits Steelmeadow's ghost but does no damage.
Your white imp gestures at Steelmeadow's ghost.
The puff of frost hits Steelmeadow's ghost.
Your crimson imp blinks!
Steelmeadow's ghost closely misses your white imp.
Your crimson imp hits Steelmeadow's ghost but does no damage.
Your white imp gestures at Steelmeadow's ghost.
The puff of frost misses Steelmeadow's ghost.
Casting: Call Imp (safe; 4% risk of failure)
Confirm with . or Enter, or press ? or * to list all spells.
A beastly little devil appears in a puff of flame.
Your crimson imp disappears in a puff of smoke!
Steelmeadow's ghost hits your white imp.
Steelmeadow's ghost burns your white imp.
Your crimson imp misses Steelmeadow's ghost.
Your white imp barely misses Steelmeadow's ghost.
Steelmeadow's ghost points at your white imp and mumbles some strange words.
The puff of flame hits your white imp.
Your white imp is burned terribly!
Your white imp dies!
Your crimson imp hits Steelmeadow's ghost but does no damage.
Casting: Call Imp (safe; 4% risk of failure)
Confirm with . or Enter, or press ? or * to list all spells.
A beastly little devil appears in a puff of frigid air.
Steelmeadow's ghost hits your crimson imp.
Your crimson imp completely misses Steelmeadow's ghost.
Steelmeadow's ghost barely misses your crimson imp.
Your crimson imp closely misses Steelmeadow's ghost.
Your crimson imp disappears in a puff of smoke!
Steelmeadow's ghost hits your crimson imp.
Your crimson imp hits Steelmeadow's ghost.
Steelmeadow's ghost hits your crimson imp.
Your crimson imp hits Steelmeadow's ghost. x2
Casting: Call Imp (safe; 4% risk of failure)
Confirm with . or Enter, or press ? or * to list all spells.
A beastly little devil appears in a puff of flame.
Your white imp barely misses Steelmeadow's ghost.
Steelmeadow's ghost hits your crimson imp!
Your crimson imp dies!
Your crimson imp barely misses Steelmeadow's ghost.
Steelmeadow's ghost turns its malevolent gaze towards you.
Your white imp completely misses Steelmeadow's ghost.
Steelmeadow's ghost hits your crimson imp.
Your crimson imp closely misses Steelmeadow's ghost.
Your white imp disappears in a puff of smoke!
Steelmeadow's ghost barely misses your crimson imp.
Your crimson imp blinks!
Casting: Call Imp (safe; 4% risk of failure)
Confirm with . or Enter, or press ? or * to list all spells.
A beastly little devil appears in a puff of flame.
Your crimson imp hits Steelmeadow's ghost.
Steelmeadow's ghost barely misses you.
Your crimson imp blinks!
Casting: Call Imp (safe; 4% risk of failure)
Confirm with . or Enter, or press ? or * to list all spells.
A beastly little devil appears in a puff of frigid air.
Steelmeadow's ghost casts a spell at you.
The flame tongue hits you! You resist.
You die...

............###.#.####....
............)..............#
...<.......)[.....####.....#
##.#.....####)###.# .#...#
#.#.#..## #.).(.####.....#
#.#.#.## #.....5.......(
#...#.# #.5......5..#
###.#># ##..........# #...#
#....@W....##
####.#######..#5######.#
................# ..#
####.#######.#.## .#.# #.#
#.#.# ....# #.# #.#.# .. ...
#.# #.#.# ..# #.. #.#
#####.#.# ..# .!
##.###.....#.#


You could see Steelmeadow's ghost, 3 friendly crimson imps and a friendly white
imp.

Vanquished Creatures
  An orc priest (D:3)
  Jessica (D:2)
  Robin (D:2)
  2 adders (D:2)
  A leopard gecko (D:1)
  4 orcs (D:3)
  3 giant cockroaches
  5 hobgoblins
  4 jackals (D:2)
  10 kobolds
  2 ball pythons
  6 bats
  5 frilled lizards
  16 goblins
  6 rats
67 creatures vanquished.

Vanquished Creatures (collateral kills)
  An adder (D:2)
  An orc (D:3)
  A ball python (D:2)
3 creatures vanquished.

Grand Total: 70 creatures vanquished

Notes
Turn   | Place    | Note
-------+----------+-------------------------------------------
     0 | D:1      | Mgcat the Gnoll Wizard began the quest for the Orb.
     0 | D:1      | Reached XP level 1. HP: 13/13 MP: 8/8
   122 | D:1      | Reached skill level 2 in Conjurations
   122 | D:1      | Reached skill level 2 in Summonings
   122 | D:1      | Reached skill level 2 in Translocations
   202 | D:1      | Reached XP level 2. HP: 19/19 MP: 8/10
   206 | D:1      | Learned a level 2 spell: Call Imp
   859 | D:2      | Reached XP level 3. HP: 16/25 MP: 2/11
   865 | D:2      | Learned a level 2 spell: Blink
   868 | D:2      | Learned a level 2 spell: Slow
   872 | D:2      | Learned a level 3 spell: Conjure Flame
   876 | D:2      | Learned a level 3 spell: Mephitic Cloud
   936 | D:2      | Found a runed door.
   984 | D:2      | Noticed Robin
   997 | D:2      | HP: 5/25 [goblin/club[Robin] (7)]
  1027 | D:2      | HP: 2/25 [goblin/club[Robin] (3)]
  1430 | D:2      | Reached skill level 1 in Invocations
  1510 | D:2      | Reached skill level 1 in Fighting
  1510 | D:2      | Reached skill level 1 in Short Blades
  1510 | D:2      | Reached skill level 1 in Long Blades
  1510 | D:2      | Reached skill level 1 in Axes
  1510 | D:2      | Reached skill level 1 in Maces & Flails
  1510 | D:2      | Reached skill level 1 in Polearms
  1510 | D:2      | Reached skill level 1 in Staves
  1510 | D:2      | Reached skill level 1 in Slings
  1510 | D:2      | Reached skill level 1 in Bows
  1510 | D:2      | Reached skill level 1 in Crossbows
  1510 | D:2      | Reached skill level 1 in Throwing
  1510 | D:2      | Reached skill level 1 in Armour
  1510 | D:2      | Reached skill level 1 in Shields
  1510 | D:2      | Reached skill level 1 in Unarmed Combat
  1510 | D:2      | Reached skill level 1 in Evocations
  1510 | D:2      | Reached XP level 4. HP: 28/32 MP: 4/13
  1652 | D:2      | Killed Robin
  1799 | D:2      | Found a sacrificial altar of Ru.
  1820 | D:2      | Became a worshipper of Ru the Awakened
  1896 | D:2      | Noticed Jessica
  1906 | D:2      | Killed Jessica
  1906 | D:2      | Reached skill level 1 in Hexes
  1906 | D:2      | Reached skill level 1 in Charms
  1906 | D:2      | Reached skill level 1 in Necromancy
  1906 | D:2      | Reached skill level 1 in Transmutations
  1906 | D:2      | Reached skill level 1 in Fire Magic
  1906 | D:2      | Reached skill level 1 in Ice Magic
  1906 | D:2      | Reached skill level 1 in Air Magic
  1906 | D:2      | Reached skill level 1 in Earth Magic
  1906 | D:2      | Reached skill level 1 in Poison Magic
  2074 | D:2      | Found a sparkling altar of Nemelex Xobeh.
  2407 | D:3      | Reached XP level 5. HP: 37/37 MP: 12/14
  2673 | D:3      | Noticed Steelmeadow's ghost (amateur DrFE)
  2705 | D:3      | HP: 8/37 [Steelmeadow's ghost/puff of flame (10)]
  2707 | D:3      | HP: 2/37 [Steelmeadow's ghost/puff of flame (6)]
  2729 | D:3      | Killed from afar by Steelmeadow's ghost

Vault maps used:
D:1:      saegor_arrival_simple_d, serial_forest, infiniplex_forest_clump_large,
          infiniplex_forest_lined_2, infiniplex_forest_zigzag_1,
          infiniplex_forest_straight_4, infiniplex_forest_zigzag_1,
          kennysheep_another_room, serial_bayou_ford_a
D:2:      nemelex_xobeh_ov_fountains_minmay, minmay_misc_feat_ornament,
          nicolae_ru_sacrificial_ziggurat, uniq_crazy_yiuf_cottage, uniq_robin,
          uniq_jessica
D:3:      nicolae_gozag_seed_capital

Skill      XL: |  1  2  3  4 |
---------------+-------------+-----
Conjurations   | 2 |  2.3
Summonings     | 2 |  2.3
Translocations | 2 |  2.3
Invocations    | 1 |  1.6
Fighting       | 1 |  1.4
Short Blades   | 1 |  1.4
Long Blades    | 1 |  1.4
Axes           | 1 |  1.4
Maces & Flails | 1 |  1.4
Polearms       | 1 |  1.4
Staves         | 1 |  1.4
Slings         | 1 |  1.4
Bows           | 1 |  1.4
Crossbows      | 1 |  1.4
Throwing       | 1 |  1.4
Armour         | 1 |  1.4
Shields        | 1 |  1.4
Unarmed Combat | 1 |  1.4
Evocations     | 1 |  1.4
Hexes          | 1 |  1.1
Charms         | 1 |  1.1
Necromancy     | 1 |  1.1
Transmutations | 1 |  1.1
Fire Magic     | 1 |  1.1
Ice Magic      | 1 |  1.1
Air Magic      | 1 |  1.1
Earth Magic    | 1 |  1.1
Poison Magic   | 1 |  1.1
Dodging        | |  4.7
Stealth        | |  4.4
Spellcasting   | |  7.3

Action                   |  1- 3 |  4- 6 || total
-------------------------+-------+-------++-------
Melee: Short sword       |     4 |    22 ||    26
       Bite              |       |     2 ||     2
 Cast: Magic Dart        |    76 |    51 ||   127
       Call Imp          |       |    23 ||    23
       Slow              |       |     3 ||     3
  Use: Potion            |       |     5 ||     5
  Eat: Chunk             |     2 |     3 ||     5
Armor: Robe              |     1 |     1 ||     2
Dodge: Dodged            |    19 |    24 ||    43

Table legend:
 A = Spawn XP
 B = Non-spawn XP
 C = Spawn XP percentage of total XP
 D = Spawn monster count
 E = Non-spawn monster count
 F = Spawn count percentage of total count
 G = Total turns spent on level
                    A         B        C        D         E        F      G
               +---------+---------+-------+---------+---------+-------+---------
         Total |       0 |     227 |   0.0 |       0 |      70 |   0.0 |  2729
               +---------+---------+-------+---------+---------+-------+---------
           D:1 |       0 |      29 |   0.0 |       0 |      19 |   0.0 |  1125
           D:2 |       0 |     135 |   0.0 |       0 |      38 |   0.0 |  1280
           D:3 |       0 |      63 |   0.0 |       0 |      13 |   0.0 |   324
               +---------+---------+-------+---------+---------+-------+---------

Vault maps used:
D:1:      saegor_arrival_simple_d, serial_forest, infiniplex_forest_clump_large,
          infiniplex_forest_lined_2, infiniplex_forest_zigzag_1,
          infiniplex_forest_straight_4, infiniplex_forest_zigzag_1,
          kennysheep_another_room, serial_bayou_ford_a
D:2:      nemelex_xobeh_ov_fountains_minmay, minmay_misc_feat_ornament,
          nicolae_ru_sacrificial_ziggurat, uniq_crazy_yiuf_cottage, uniq_robin,
          uniq_jessica
D:3:      nicolae_gozag_seed_capital

Table legend:
 A = Turns spent in this place as a percentage of turns spent in the entire game.
 B = Non-inter-level travel turns spent in this place as a percentage of non-inter-level travel turns spent in the entire game.
 C = Inter-level travel turns spent in this place as a percentage of turns spent in this place.
 D = Turns resting spent in this place as a percentage of non-inter-level travel turns spent in this place.
 E = Turns spent auto-exploring this place as a percentage of non-inter-level travel turns spent in this place.
 F = Non-inter-level travel turns spent in this place divided by the number of levels of this place that you've seen.
                   A       B       C       D       E      F
               +-------+-------+-------+-------+-------+----------------------
         Total | 100.0 | 100.0 |   4.3 |   2.3 |  82.7 | 870.7
       Dungeon | 100.0 | 100.0 |   4.3 |   2.3 |  82.7 | 870.7
               +-------+-------+-------+-------+-------+----------------------

Table legend:
 A = Kills in this place as a percentage of kills in entire the game.
 B = Kills by you in this place as a percentage of kills by you in the entire game.
 C = Kills by friends in this place as a percentage of kills by friends in the entire game.
 D = Other kills in this place as a percentage of other kills in the entire game.
 E = Experience gained in this place as a percentage of experience gained in the entire game.
 F = Experience gained in this place divided by the number of levels of this place that you have seen.
                   A       B       C       D       E      F
               +-------+-------+-------+-------+-------+----------------------
         Total | 100.0 | 100.0 | 100.0 |   N/A | 100.0 |  75.7
       Dungeon | 100.0 | 100.0 | 100.0 |   N/A | 100.0 |  75.7
               +-------+-------+-------+-------+-------+----------------------
